 Dungeon Crawl Stone Soup version 0.28-a0-620-g539b0f7ac7 (webtiles) character file.

Game seed: 15405223510505386998

2313 ytrimaz the Cleaver (level 9, -4/78 HPs)
             Began as a Minotaur Fighter on Oct 6, 2021.
             Slain by a yak (11 damage)
             ... on level 9 of the Dungeon.
             The game lasted 00:04:15 (2876 turns).

ytrimaz the Cleaver (Minotaur Fighter)              Turns: 2876, Time: 00:04:16

Health: -4/78      AC:  8    Str: 24    XL:     9   Next: 18%
Magic:  8/8        EV:  6    Int:  5    God:
Gold:   91         SH: 13    Dex: 10    Spells: 8/8 levels left

rFire   . . .      SeeInvis .   f - +5 broad axe (venom)
rCold   . . .      Faith    .   h - +0 tower shield
rNeg    . . .      Spirit   .   b - +0 scale mail
rPois   .          Reflect  .   (helmet restricted)
rElec   .          Harm     .   (no cloak)
rCorr   .          Rampage  .   (no gloves)
Will    .....                   (no boots)
Stlth   ..........              (no amulet)
HPRegen 0.23/turn               (no ring)
MPRegen 0.11/turn               (no ring)

@: no status effects
A: horns 2, retaliatory headbutt
a: no special abilities


You were on level 9 of the Dungeon.
You visited 1 branch of the dungeon, and saw 7 of its levels.

You collected 91 gold pieces.

Inventory:

Hand Weapons
 a - a +0 war axe
 f - a +5 broad axe of venom (weapon)
Armour
 b - a +0 scale mail (worn)
 c - a +0 buckler
 h - a +0 tower shield (worn)
Wands
 n - a wand of digging (5)
Scrolls
 i - 2 scrolls of teleportation {unknown}
 m - a scroll of identify {unknown}
Potions
 d - a potion of might
 e - a potion of resistance {unknown}
 g - a potion of brilliance {unknown}
 j - 2 potions of lignification {unknown}
 k - a potion of curing {unknown}


   Skills:
 + Level 6.9 Fighting
 + Level 9.8 Axes
 + Level 8.7 Armour
 * Level 6.5 Shields


You had 8 spell levels left.
You didn't know any spells.
Your spell library contained the following spells:

 Spells                   Type           Power      Damage    Failure   Level
 Apportation              Tloc           0%         N/A       100%        1
 Freeze                   Ice            0%         1d3       100%        1
 Frozen Ramparts          Ice            0%         1d2       100%        3
 Hailstorm                Conj/Ice       0%         3d3       100%        4
 Alistair's Intoxication  Tmut/Pois      0%         N/A       100%        5
 Invisibility             Hex            0%         N/A       100%        6


Dungeon Overview and Level Annotations

Branches:
Dungeon (7/15)
 Temple: D:4-7

Altars:
Dithmenos
Trog


Innate Abilities, Weirdness & Mutations

You have a pair of horns on your head.
You reflexively headbutt those who attack you in melee.


Message History

You slice the yak!!
The yak is poisoned.
You headbutt the yak!
The yak is almost dead.
The yak gores you! You block the yak's attack.
You hit the yak but do no damage.
The yak looks as sick as possible!
You headbutt the yak.
You kill the yak!
You hit the yak but do no damage.
The yak is poisoned.
You headbutt the yak.
The yak is lightly wounded.
You block the yak's attack.
You slash the yak!
The yak looks as sick as possible!
The yak is heavily wounded.
The yak gores you. The yak gores you!
You slash the yak!
The yak looks as sick as possible!
The yak is almost dead.
The yak gores you!
You closely miss the yak.
The yak is almost dead.
You kill the yak!
You hit the yak.
The yak is poisoned.
The yak is lightly wounded.
The yak gores you!
* * * LOW HITPOINT WARNING * * *
You block the yak's attack.
You hit the yak.
The yak looks as sick as possible!
The yak is moderately wounded.
You block the yak's attack.
You barely miss the yak.
The yak is moderately wounded.
You block the yak's attack. The yak gores you but does no damage.
You slash the yak!
The yak looks as sick as possible!
Your headbutt misses the yak.
The yak is severely wounded.
The yak gores you.
* * * LOW HITPOINT WARNING * * *
You barely miss the yak.
The yak is severely wounded.
The yak gores you!
* * * LOW HITPOINT WARNING * * *
The yak gores you!
You die...

............+
............#
....Y.......#
[...........#
............#
######## #'#
#......# #.#
#......# #Y#
#......# #@#
#......# #.#
#......# #.#
#......# #.#
+......# #.#
#......# #.#
#......# #.#
#......# #.#
#......# #.#


You could see a yak (extremely poisoned).

Vanquished Creatures
  A centaur warrior (D:9)
  Sigmund (D:3)
  8 yaks (D:9)
  A necrophage (D:6)
  An ogre (D:5)
  A bullfrog (D:7)
  A scorpion (D:5)
  2 hounds (D:6)
  4 adders
  A worm (D:3)
  7 ball pythons
  5 bats
  3 endoplasms
  A giant cockroach (D:3)
  5 goblins
  2 hobgoblins (D:2)
  4 jackals (D:2)
  A kobold (D:1)
  3 quokkas
  3 frilled lizards
  3 rats
58 creatures vanquished.

Vanquished Creatures (others)
  2 plants (D:3)
2 creatures vanquished.

Grand Total: 60 creatures vanquished

Notes
Turn   | Place    | Note
-------+----------+-------------------------------------------
     0 | D:1      | ytrimaz the Minotaur Fighter began the quest for the Orb.
     0 | D:1      | Reached XP level 1. HP: 19/19 MP: 0/0
   266 | D:1      | Reached XP level 2. HP: 27/27 MP: 1/1
   320 | D:1      | Found a faded altar of an unknown god.
   643 | D:2      | Reached XP level 3. HP: 32/33 MP: 2/2
   678 | D:2      | Reached skill level 3 in Axes
   960 | D:2      | Found a bloodstained altar of Trog.
  1394 | D:3      | Noticed Sigmund
  1405 | D:3      | Killed Sigmund
  1406 | D:3      | Reached skill level 4 in Axes
  1406 | D:3      | Reached skill level 5 in Armour
  1406 | D:3      | Reached XP level 4. HP: 25/41 MP: 3/3
  1406 | D:3      | Reached XP level 5. HP: 29/47 MP: 4/4
  1732 | D:3      | Found a shadowy altar of Dithmenos.
  1821 | D:3      | Reached skill level 5 in Axes
  1868 | D:3      | You fall into a shaft and drop 3 floors!
  1871 | D:6      | Reached XP level 6. HP: 53/53 MP: 5/5
  1999 | D:5      | Entered Level 5 of the Dungeon
  2004 | D:5      | Reached skill level 5 in Fighting
  2011 | D:5      | Reached skill level 6 in Axes
  2011 | D:5      | Reached XP level 7. HP: 52/61 MP: 6/6
  2054 | D:5      | You fall into a shaft and drop 2 floors!
  2078 | D:7      | You fall into a shaft and drop 2 floors!
  2078 | D:9      | Noticed a yak
  2078 | D:9      | Noticed a yak
  2078 | D:9      | Noticed a yak
  2078 | D:9      | Noticed a yak
  2083 | D:9      | Killed a yak
  2084 | D:9      | Reached skill level 5 in Shields
  2087 | D:9      | Killed a yak
  2088 | D:9      | Reached skill level 7 in Axes
  2091 | D:9      | Killed a yak
  2091 | D:9      | Killed a yak
  2092 | D:9      | Reached skill level 8 in Axes
  2092 | D:9      | Reached XP level 8. HP: 26/70 MP: 7/7
  2407 | D:9      | Identified a scroll of acquirement
  2407 | D:9      | Acquired a +5 broad axe of venom
  2560 | D:9      | Noticed a centaur warrior
  2568 | D:9      | Killed a centaur warrior
  2569 | D:9      | Reached skill level 9 in Axes
  2866 | D:9      | Reached XP level 9. HP: 58/78 MP: 8/8
  2876 | D:9      | Slain by a yak

Illustrated notes

Levels and vault maps discovered:
D:1:      lightli_arrival_boilingwater, layout_rooms,
          shapermc_ecumenical_altar_hornbeckon
D:2:      layout_basic, basic_altar
D:3:      corexii_shack_village, layout_basic, nicolae_dithmenos_the_darkroom,
          ebering_ghost_sewer_d, serial_co_window_serial, co_window_corner_a,
          co_window_paths_a, co_window_corner_a, co_window_corner_a,
          co_window_paths_a, co_window_corner_a, co_window_corner_a,
          co_window_of_opportunity_b, co_window_paths_c,
          co_window_unsneaky_path_b, co_window_broadway_c, grunt_ministairs_2,
          uniq_robin, uniq_sigmund, uniq_ijyb
D:5:      layout_cave_pools, gammafunk_temple_overflow_statue,
          minmay_temple_entry_sparse_star, uniq_crazy_yiuf_cottage
D:6:      layout_basic
D:7:      layout_loops_cross, mainiacjoe_overflow_24_doors, slow_altar_1,
          minivault_26
D:9:      layout_basic, mainiacjoe_overflow_brackets, minivault_1,
          minmay_misc_feat_four_crosses

Skill      XL: |  1  2  3  4  5  6  7  8 |
---------------+-------------------------+-----
Armour         | 4 5 7 8 |  8.7
Shields        | 4 5 6 |  6.5
Fighting       | 4 5 6 |  6.9
Axes           | 4 5 6 8 9 |  9.8

Action                   |  1- 3 |  4- 6 |  7- 9 || total
-------------------------+-------+-------+-------++-------
Melee: War axe           |    89 |    37 |    10 ||   136
       Headbutt          |     9 |     3 |     6 ||    18
       Broad axe         |       |       |    24 ||    24
  Use: Potion            |       |       |     1 ||     1
       Scroll            |       |       |     2 ||     2
Armor: Scale mail        |    51 |    14 |    15 ||    80
Dodge: Dodged            |    43 |    17 |    10 ||    70
Block: Buckler           |    24 |     7 |     3 ||    34
       Tower shield      |       |       |    16 ||    16

Table legend: (Time is in decaauts)
 A = Elapsed time spent in this place.
 B = Non-inter-level travel time spent in this place.
 C = Inter-level travel time spent in this place.
 D = Time resting spent in this place.
 E = Time spent auto-exploring this place.
 F = Levels seen in this place.
 G = Mean time per level.
                   A        B        C        D        E       F      G
               +--------+--------+--------+--------+--------+-----+--------+
         Total |   2939 |   2887 |     52 |    686 |   1655 |   7 |  419.9 |
       Dungeon |   2939 |   2887 |     52 |    686 |   1655 |   7 |  419.9 |
               +--------+--------+--------+--------+--------+-----+--------+

Top non-repeatable levels by time:
     D:2: 845 daAuts
     D:9: 810 daAuts
     D:1: 588 daAuts
     D:3: 480 daAuts
     D:6: 134 daAuts
     D:5: 56 daAuts
     D:7: 24 daAuts
